 Dungeon Crawl Stone Soup version 0.29-a0-284-gf9362112df (webtiles) character file.

Game seed: 10215030613214716974

25 sokol815 the Firebug (level 3, -1/21 HPs)
             Began as an Octopode Fire Elementalist on Mar 23, 2022.
             Slain by a goblin
             ... wielding a +0 club
             ... led by Robin
              (3 damage)
             ... on level 2 of the Dungeon.
             The game lasted 00:02:36 (1368 turns).

sokol815 the Firebug (Octopode Fire Elementalist)   Turns: 1368, Time: 00:02:37

Health: -1/21      AC:  1    Str:  7    XL:     3   Next: 4%
Magic:  4/6        EV: 13    Int: 19    God:
Gold:   36         SH:  0    Dex: 12    Spells: 5/6 levels left

rFire   . . .      SeeInvis .   a - +0 short sword
rCold   . . .      Faith    .   (no shield)
rNeg    . . .      Spirit   .   (helmet restricted)
rPois   .          Reflect  .   (no amulet)
rElec   .          Harm     .   h - ring of flight {+Fly, !d}
rCorr   .          Rampage  .   (no ring)
Will    .....                   (no ring)
Stlth   +++.......              (no ring)
HPRegen 0.07/turn               (no ring)
MPRegen 0.10/turn               (no ring)
                                (no ring)
                                (no ring)

@: lethally poisoned (-1 -> -9), flying
A: almost no armour, amphibious, 8 rings, camouflage 1, gelatinous body 1,
(nimble swimmer 1), tentacles
a: no special abilities


You were on level 2 of the Dungeon.
You visited 1 branch of the dungeon, and saw 2 of its levels.

You collected 36 gold pieces.

Inventory:

Hand Weapons
 a - a +0 short sword (weapon)
   (You took it off a kobold on level 1 of the Dungeon)
 f - a +0 dagger
   (You took it off a kobold on level 1 of the Dungeon)
 i - a +0 spear
   (You found it on level 1 of the Dungeon)
Missiles
 s - 41 stones
Jewellery
 h - a ring of flight (left tentacle) {+Fly, !d}
   (You found it on level 1 of the Dungeon)
Scrolls
 b - a scroll of torment {unknown}
 c - a scroll of identify {unknown}
 e - 2 scrolls of enchant weapon {unknown}
 g - a scroll of blinking {unknown}
 j - 2 scrolls of teleportation {unknown}
 k - a scroll of magic mapping {unknown}
Potions
 d - a potion of brilliance {unknown}
 l - a potion of haste {unknown}
 m - a potion of curing {unknown}
 M - a potion of magic


   Skills:
 - Level 2.0 Dodging
 - Level 2.6 Stealth
 - Level 2.0 Spellcasting
 + Level 2.9 Conjurations
 - Level 3.0 Fire Magic


You had 5 spell levels left.
You knew the following spells:

 Your Spells              Type           Power      Damage    Failure   Level
a - Foxfire               Conj/Fire      52%        2x1d6     4%          1

Your spell library contained the following spells:

 Spells                   Type           Power      Damage    Failure   Level
 Scorch                   Fire           26%        2d6       8%          2
 Conjure Flame            Conj/Fire      13%        6-21      16%         3
 Inner Flame              Hex/Fire       7%         N/A       26%         3
 Flame Wave               Conj/Fire      13%        2d6       45%         4


Dungeon Overview and Level Annotations

Branches:
Dungeon (2/15)

Altars:

Shops:
D:1 !

Annotations:
D:2 1 runed translucent door, Crazy Yiuf, Robin


Innate Abilities, Weirdness & Mutations

You cannot wear most types of armour.
You are amphibious.
You can wear up to eight rings at the same time.
Your skin changes colour to match your surroundings (Stealth+).
Your rubbery body absorbs attacks. (AC +1, EV +1)
((You are camouflaged when in or above water. (Stealth+)))
You have tentacles for arms and can constrict up to eight enemies at once.


Message History

You see here a ball python corpse.
You see here a ball python skeleton.
Done exploring.
(D) Dungeon
Where to? (? - help)
There is a stone staircase leading down here.
You fly downwards.
There is a stone staircase leading up here.
A hobgoblin comes into view.
You conjure some foxfire!
You now have 4/5 mp.
The foxfire hits the hobgoblin but does no damage.
The hobgoblin shouts!
The foxfire hits the hobgoblin.
You conjure some foxfire!
You now have 3/5 mp.
The foxfire hits the hobgoblin.
You kill the hobgoblin!
An endoplasm comes into view.
The endoplasm quivers.
MP restored: 5 You conjure some foxfire!
The foxfire hits the endoplasm.
You now have 4/5 mp.
You barely miss the endoplasm. Your squeeze misses the endoplasm.
You hit the endoplasm.
You kill the endoplasm!
You now have 30 gold pieces (gained 9).
Found a stone staircase leading down.
MP restored: 5
Found a stone staircase leading up.
There is a stone staircase leading up here.
j - 2 scrolls labelled GEAN EKIOQ (gained 1)
Found an escape hatch in the ceiling.
There is an escape hatch in the ceiling here.
k - a scroll labelled UFELEC GIOMUOR
There is an escape hatch in the ceiling here.
Found an escape hatch in the floor.
There is an escape hatch in the floor here.
l - a coppery potion Crazy Yiuf shouts!
Found a stone staircase leading down.
There is a stone staircase leading down here.
e - 2 scrolls labelled UCKITHR HURPH (gained 1)
You now have 36 gold pieces (gained 6).
A frilled lizard comes into view.
Found a stone staircase leading up.
The helpless frilled lizard fails to defend itself.
You puncture the frilled lizard!
You kill the frilled lizard!
m - a gluggy blue potion A hobgoblin comes into view.
You conjure some foxfire!
You now have 4/5 mp.
The foxfire hits the hobgoblin.
You conjure some foxfire!
The foxfire hits the hobgoblin but does no damage.
You now have 3/5 mp.
The foxfire hits the hobgoblin but does no damage.
The foxfire hits the hobgoblin.
You kill the hobgoblin!
You have reached level 3!
Your experience leads to an increase in your attributes!
Increase (s)trength, (i)ntelligence, or (d)exterity?
You feel clever. x2
Health restored: 21 A goblin comes into view.
It is wielding a +0 club.
MP restored: 6 Robin and 3 goblins come into view.
Robin shouts!
The goblin shouts! x2
Robin throws the goblin at you!
A goblin comes into view. It is wielding a +0 club.
A goblin comes into view.
It is wielding a +0 dagger. 3 goblins come into view.
A goblin is wielding a +2 dagger of venom.
You take 1 damage, and have 20/21 hp.
You conjure some foxfire!
The goblin shouts!
The goblin shouts! x4
Robin throws the goblin at you! The goblin hits you with a +0 dagger.
The goblin barely misses you. The goblin closely misses you.
A hobgoblin comes into view. It is wielding a +0 hand axe.
You take 3 damage, and have 17/21 hp.
You now have 5/6 mp.
You conjure some foxfire!
The hobgoblin shouts!
The foxfire hits the goblin. x2; Robin throws the goblin at you!
The goblin hits you with a +0 dagger.
The foxfire hits the goblin.
You kill the goblin!
The goblin hits you with a +0 club. The goblin hits you but does no damage.
You are lethally poisoned!
The goblin hits you with a +0 dagger.
* * * LOW HITPOINT WARNING * * *
You take 13 damage, and have 4/21 hp.
MASSIVE DAMAGE!!
You now have 4/6 mp.
Unknown command.
Unknown command.
* * * LOW HITPOINT WARNING * * *
You feel sick.
The foxfire hits the goblin.
The goblin hits you with a +0 club.
You die...

.......# #.# .......# #.#
######## #.# # ##.#
#########..######### ....
..##..........# ##
.#####.##..#.###g#.##....
....##.##.......gg.ggg...
...........#....@g)....g.
.##.##.###.#.....#.#g....
.##ยง##.# #.#.^.....#
g... .......###........$.
### ###.#####............
#..<# #.#######.....
#...# #.# .#.## #...# #.#
.... ##...####.#


You could see Robin, a hobgoblin and 7 goblins.

Vanquished Creatures
  2 ball pythons (D:1)
  2 endoplasms
  2 goblins
  3 hobgoblins
  5 kobolds (D:1)
  2 quokkas (D:1)
  A bat (D:1)
  3 frilled lizards
  4 rats (D:1)
24 creatures vanquished.

Vanquished Creatures (others)
  41 foxfires
41 creatures vanquished.

Grand Total: 65 creatures vanquished

Notes
Turn   | Place    | Note
-------+----------+-------------------------------------------
     0 | D:1      | sokol815 the Octopode Fire Elementalist began the quest for
                  | the Orb.
     0 | D:1      | Reached XP level 1. HP: 11/11 MP: 3/3
    94 | D:1      | Found Withu's Distillery.
   356 | D:1      | Reached skill level 2 in Conjurations
   356 | D:1      | Reached XP level 2. HP: 17/17 MP: 1/5
  1171 | D:2      | Found a runed translucent door.
  1172 | D:2      | Noticed Crazy Yiuf
  1295 | D:2      | Reached XP level 3. HP: 21/21 MP: 3/6
  1364 | D:2      | Noticed Robin
  1367 | D:2      | HP: 4/21 [goblin/+0 dagger[Robin] (4)]
  1368 | D:2      | Slain by a goblin

Illustrated notes

Levels and vault maps discovered:
D:1:      roderic_chinese_lattice_arrival, layout_basic, serial_shops,
          shop_fountains
D:2:      minmay_chambers_of_ones, layout_loops_cross, uniq_terence, uniq_robin,
          uniq_crazy_yiuf_cottage

Skill      XL: |  1 |
---------------+----+-----
Conjurations   | 2 |  2.9
Dodging        | |  2.0
Stealth        | |  2.6
Spellcasting   | |  2.0
Fire Magic     | |  3.0

Action                   || total
-------------------------++-------
Melee: Short sword       ||     9
       Tentacles         ||     2
       Constrict         ||     1
 Cast: Foxfire           ||    28
 Stab: Sleeping          ||     4
Armor: Skin              ||     3
Dodge: Dodged            ||     3

Table legend: (Time is in decaauts)
 A = Elapsed time spent in this place.
 B = Non-inter-level travel time spent in this place.
 C = Inter-level travel time spent in this place.
 D = Time resting spent in this place.
 E = Time spent auto-exploring this place.
 F = Levels seen in this place.
 G = Mean time per level.
                   A        B        C        D        E       F      G
               +--------+--------+--------+--------+--------+-----+--------+
         Total |   1367 |   1291 |     76 |     56 |   1070 |   2 |  683.5 |
       Dungeon |   1367 |   1291 |     76 |     56 |   1070 |   2 |  683.5 |
               +--------+--------+--------+--------+--------+-----+--------+

Top non-repeatable levels by time:
     D:1: 979 daAuts
     D:2: 388 daAuts

Table legend:
 A = Kills in this place as a percentage of kills in entire the game.
 B = Kills by you in this place as a percentage of kills by you in the entire game.
 C = Kills by friends in this place as a percentage of kills by friends in the entire game.
 D = Other kills in this place as a percentage of other kills in the entire game.
 E = Experience gained in this place as a percentage of experience gained in the entire game.
 F = Experience gained in this place divided by the number of levels of this place that you have seen.
                   A       B       C       D       E      F
               +-------+-------+-------+-------+-------+----------------------
         Total | 100.0 | 100.0 |   N/A |   N/A | 100.0 |  18.0
       Dungeon | 100.0 | 100.0 |   N/A |   N/A | 100.0 |  18.0
               +-------+-------+-------+-------+-------+----------------------
